 Dungeon Crawl Stone Soup version 0.29-a0-113-g078de9bc30 (webtiles) character file.

Game seed: 14993526184117132572

21247 jlumianski the Arsonist (level 12, -2/94 HPs)
             Began as a Hill Orc Fire Elementalist on Feb 17, 2022.
             Was a Believer of Beogh.
             Slain by an orc knight (13 damage)
             ... on level 13 of the Dungeon on Feb 19, 2022.
             The game lasted 02:11:12 (27424 turns).

jlumianski the Arsonist (HOFE)                     Turns: 27424, Time: 02:11:13

Health: -2/94      AC: 12    Str: 22    XL:     12   Next: 88%
Magic:  24/24      EV: 13    Int: 15    God:    Beogh [**....]
Gold:   335        SH:  0    Dex: 11    Spells: 7/28 levels left

rFire   + + .      SeeInvis .   a - +5 quick blade
rCold   x . .      Faith    .   (no shield)
rNeg    . . .      Spirit   .   A - +2 leather armour {rF+}
rPois   .          Reflect  .   k - +2 helmet
rElec   .          Harm     .   (no cloak)
rCorr   .          Rampage  .   (no gloves)
Will    .....                   K - +2 pair of boots
Stlth   +.........              (no amulet)
HPRegen 0.25/turn               u - +6 ring of strength
MPRegen 0.19/turn               O - ring of fire

@: confused, lethally poisoned (-2 -> -10), ambrosia-drunk, very slightly
contaminated, invisible
A: no striking features
a: Renounce Religion, Smiting


You were on level 13 of the Dungeon.
You worshipped Beogh.
Beogh was pleased with you.
You visited 2 branches of the dungeon, and saw 16 of its levels.

You collected 839 gold pieces.
You spent 504 gold pieces at shops.

Inventory:

Hand Weapons
 a - a +5 quick blade (weapon)
 f - a +2 dagger of venom
 i - a +0 lajatang
 q - a +2 dagger of draining
 r - a +0 scimitar of flaming
 I - a +5 long sword
 J - a +3 vorpal mace
 Q - a +0 broad axe
 S - the +1 mace of Karma {freeze, *Rage rElec rF++ SInv}
   (You found it on level 12 of the Dungeon)

   It freezes those it strikes, dealing additional cold damage.
   It can also slow down cold-blooded creatures.
   rF:        It greatly protects you from fire.
   rElec:     It insulates you from electricity.
   SInv:      It lets you see invisible.
   *Rage:     It berserks you when you make melee attacks (+20% chance).
 V - a +0 antimagic hand axe
Missiles
 d - 511 stones
 o - 16 boomerangs (quivered)
 t - 28 poisoned darts
 y - 105 bolts
Armour
 g - the +0 helmet of the Orb Guardian {rPois rC+}
   (You acquired it on level 9 of the Dungeon)

   rC:        It protects you from cold.
   rPois:     It protects you from poison.
 k - a +2 helmet (worn)
 s - a +2 ring mail of willpower
 z - +0 acid dragon scales
 A - a +2 leather armour of fire resistance (worn)
 K - a +2 pair of boots (worn)
 M - +0 steam dragon scales
 N - a +2 robe of fire resistance
Magical Staves
 H - a staff of poison
Jewellery
 u - a +6 ring of strength (left hand)
 w - a ring of protection from cold
 F - a ring of see invisible
 O - a ring of fire (right hand)
Wands
 m - a wand of polymorph (4)
 x - a wand of acid (2)
 E - a wand of paralysis (11)
 G - a wand of flame (36)
 R - a wand of iceblast (2)
 U - a wand of charming (7)
Scrolls
 b - a scroll of amnesia
 e - 5 scrolls of teleportation
 v - a scroll of holy word
 C - 3 scrolls of identify
 P - a scroll of magic mapping {unknown}
Potions
 c - a potion of magic
 h - 3 potions of ambrosia
 l - 3 potions of cancellation
 n - 2 potions of flight
 p - a potion of lignification
 B - a potion of haste
 D - 2 potions of might
 L - 2 potions of brilliance
 T - 2 potions of berserk rage {unknown}


   Skills:
 + Level 5.6 Fighting
 + Level 5.6 Short Blades
 + Level 1.3 Throwing
 + Level 5.0 Armour
 + Level 4.7 Dodging
 + Level 3.9 Stealth
 + Level 8.9 Spellcasting
 + Level 3.5 Conjurations
 + Level 0.9 Hexes
 + Level 0.2 Translocations
 + Level 11.6 Fire Magic
 + Level 0.2 Ice Magic
 * Level 11.3 Invocations


You had 7 spell levels left.
You knew the following spells:

 Your Spells              Type           Power      Damage    Failure   Level
a - Foxfire               Conj/Fire      100%       2x1d9     1%          1
b - Scorch                Fire           100%       2d10      1%          2
c - Conjure Flame         Conj/Fire      44%        6-21      1%          3
d - Flame Wave            Conj/Fire      44%        2d10      5%          4
e - Inner Flame           Hex/Fire       38%        N/A       2%          3
f - Blink                 Tloc           14%        N/A       17%         2
g - Ensorcelled Hibernat  Hex/Ice        16%        N/A       14%         2
h - Confusing Touch       Hex            9%         N/A       26%         3
i - Slow                  Hex            36%        N/A       9%          1

Your spell library contained the following spells:

 Spells                   Type           Power      Damage    Failure   Level
 Ozocubu's Armour         Ice            7%         N/A       32%         3
 Spider Form              Tmut/Pois      6%         N/A       36%         3
 Vampiric Draining        Necr           6%         2d6       36%         3
 Fulminant Prism          Conj/Hex       6%         3d7       43%         4
 Iskenderun's Mystic Bla  Conj/Tloc      12%        2d5       50%         4
 Cause Fear               Hex            4%         N/A       63%         4
 Anguish                  Hex/Necr       4%         N/A       71%         4
 Metabolic Englaciation   Hex/Ice        4%         N/A       95%         5
 Manifold Assault         Tloc           7%         N/A       97%         5
 Lee's Rapid Deconstruct  Erth           3%         3d6*      98%         5
 Simulacrum               Ice/Necr       3%         N/A       100%        6
 Storm Form               Tmut/Air       3%         N/A       100%        7
 Discord                  Hex            4%         N/A       100%        8


Dungeon Overview and Level Annotations

Branches:
Dungeon (15/15)            Temple (0/1) D:4            Lair (1/6) D:8
    Orc (0/2) D:12
 Vaults: D:13-14     Depths: D:15

Altars:
Dithmenos
Elyvilon
Nemelex Xobeh
Okawaru
Ru
Trog
Uskayaw
Vehumet
Wu Jian
Yredelemnul
Zin
The Shining One

Shops:
D:4 [   D:8 *   D:10 :

Annotations:
D:9 2 runed translucent doors, Skryme's ghost, novice OpFi


Message History

Press: ? - help, v - describe, . - travel
Here: an orc knight, wielding a +0 long sword of venom and wearing a +0 plate armour The floor.
Casting: Foxfire (safe; 1% risk of failure)
Confirm with . or Enter, or press ? or * to list all spells.
You miscast Blink.
You are very lightly contaminated with residual magic.
Nothing appears to happen.
You feel very sick.
The orc knight hits you but does no damage.
You are more poisoned.
Casting: Blink (safe; 17% risk of failure)
Confirm with . or Enter, or press ? or * to list all spells.
You miscast Blink.
Nothing appears to happen.
You feel extremely sick.
The orc knight hits you with a +0 long sword of venom!
You are lethally poisoned!
Okay, then.
You fade into invisibility!
* * * LOW HITPOINT WARNING * * *
You feel extremely sick. The orc knight barely misses you.
* * * LOW HITPOINT WARNING * * *
You feel extremely sick.
* * * LOW HITPOINT WARNING * * *
You feel very sick.
* * * LOW HITPOINT WARNING * * *
You feel very sick.
* * * LOW HITPOINT WARNING * * *
You feel very sick.
You are confused.
You feel invigorated.
* * * LOW HITPOINT WARNING * * *
You feel very sick. The orc knight barely misses you.
You hit the orc knight but do no damage.
You feel sick.
The orc knight hits you with a +0 long sword of venom!
You die...
Beogh appreciates the orc knight's killing of a heretic priest.

#.......#....................#.#
##..........................##.#
#..............#...........#...
###.............##...............
.......#.........#...[.........#.
......#.............##......####.
......#.........##.##...##...# #.
...................#>....##..###.
................@o..[.....#.###..
.#....................##.........
.#...............................
...##.....#......................
.#####.#.##......................
...# ######......................
.### #....................... ##
#.......................
##.#...............)....


You could see an orc knight.

Vanquished Creatures
  Kirke (D:11)
  2 boulder beetles
  Erica (D:10)
  5 two-headed ogres
  Nergalle (D:12)
  A deep elf pyromancer (D:13)
  3 ugly things
  A komodo dragon (D:8)
  A hornet (D:8)
  A troll (D:9)
  A blink frog (D:8)
  2 vampires
  A hog (D:11)
  15 yaks
  3 wyverns (D:8)
  Eustachio (D:5)
  2 basilisks
  2 steam dragons
  Menkaure (D:5)
  A water moccasin (D:6)
  2 acid dragons
  An ice beast (D:6)
  7 orc warriors
  A black bear (D:8)
  2 necrophages
  An ogre (D:5)
  4 centaurs
  A kobold brigand (D:8)
  3 bullfrogs (D:6)
  2 wyvern zombies (D:7)
  3 scorpions
  A water moccasin skeleton (D:6)
  11 killer bees
  9 wights
  8 electric eels (D:8)
  3 howler monkeys (D:11)
  2 jellies
  3 centaur zombies
  4 hounds
  A bullfrog skeleton (D:5)
  4 orc priests
  4 centaur skeletons
  Natasha (twice) (D:2 D:1)
  An iguana (D:5)
  8 orc wizards
  A scorpion zombie (D:5)
  A killer bee zombie (D:8)
  A hound skeleton (D:4)
  A howler monkey zombie (D:9)
  Robin (D:1)
  7 gnolls (D:4)
  A howler monkey skeleton (D:5)
  7 adders
  2 shadow imps (D:6)
  A worm (D:3)
  5 dart slugs
  34 orcs
  8 ball pythons
  6 endoplasms
  3 giant cockroaches
  19 goblins
  9 hobgoblins
  3 jackals (D:1)
  10 kobolds
  3 quokkas
  7 bats
  4 frilled lizards
  6 rats
274 creatures vanquished.

Vanquished Creatures (collateral kills)
  A hydra (D:13)
  A boulder beetle (D:13)
  A centaur warrior (D:14)
  A death knight (D:12)
  An ugly thing (D:13)
  A cyclops (D:13)
  A manticore (D:12)
  2 gargoyles
  A tengu conjurer (D:13)
  A troll (D:13)
  A tarantella (shapeshifter) (D:13)
  A shadow (D:12)
  A warg (D:12)
  A centaur (D:10)
  2 killer bees (D:10)
  A howler monkey (D:10)
  An orc wizard (D:9)
  3 orcs
22 creatures vanquished.

Vanquished Creatures (others)
  2 orc knights
  Maurice (D:12)
  A human (D:12)
  An orc priest (D:12)
  3 orcs (D:12)
  A bush (D:8)
  284 foxfires
  30 plants (D:8)
323 creatures vanquished.

Grand Total: 619 creatures vanquished

Notes
Turn   | Place    | Note
-------+----------+-------------------------------------------
     0 | D:1      | jlumianski the Hill Orc Fire Elementalist began the quest
                  | for the Orb.
     0 | D:1      | Reached XP level 1. HP: 14/14 MP: 3/3
   322 | D:1      | Reached XP level 2. HP: 20/20 MP: 4/4
   505 | D:1      | Learned a level 2 spell: Scorch
  1049 | D:1      | Reached XP level 3. HP: 26/26 MP: 2/5
  1447 | D:2      | Found a glowing golden altar of the Shining One.
  1676 | D:2      | Found a faded altar of an unknown god.
  1712 | D:2      | Noticed Robin
  1734 | D:1      | Killed Robin
  2075 | D:1      | Reached XP level 4. HP: 34/34 MP: 7/7
  2473 | D:2      | Reached skill level 1 in Fighting
  2497 | D:2      | Noticed Natasha
  2503 | D:2      | Killed Natasha
  2570 | D:2      | Noticed Natasha
  2596 | D:1      | Killed Natasha
  2597 | D:1      | Reached skill level 1 in Armour
  2597 | D:1      | Reached XP level 5. HP: 14/40 MP: 4/8
  2950 | D:2      | Reached skill level 1 in Short Blades
  4443 | D:4      | Reached XP level 6. HP: 42/48 MP: 6/9
  4453 | D:4      | Became a worshipper of Beogh the Brigand
  5467 | D:5      | Entered Level 5 of the Dungeon
  5476 | D:5      | Reached XP level 7. HP: 55/55 MP: 4/10
  5715 | D:4      | Found Ynebeb's Armour Shop.
  5763 | D:4      | Found a staircase to the Ecumenical Temple.
  5811 | D:5      | Reached skill level 1 in Invocations
  5855 | D:5      | Noticed Menkaure
  5866 | D:5      | Killed Menkaure
  5866 | D:5      | Reached * piety under Beogh
  6341 | D:5      | Found a bloodstained altar of Trog.
  6425 | D:5      | Noticed Eustachio
  6449 | D:5      | Killed Eustachio
  6450 | D:5      | Reached skill level 5 in Fire Magic
  6794 | D:5      | Reached XP level 8. HP: 60/62 MP: 9/12
  7078 | D:5      | Found a radiant altar of Vehumet.
  7144 | D:5      | Found an iron altar of Okawaru.
  7560 | D:5      | Learned a level 3 spell: Conjure Flame
  7818 | D:6      | HP: 3/63 [shadow imp/nerve-wracking pain (13)]
  8113 | D:6      | Reached XP level 9. HP: 69/70 MP: 11/14
  8572 | D:6      | Reached skill level 5 in Invocations
  8928 | D:6      | Found a sparkling altar of Nemelex Xobeh.
  9512 | D:7      | Reached ** piety under Beogh
  9588 | D:7      | Found a white marble altar of Elyvilon.
  9639 | D:7      | Found a basalt altar of Yredelemnul.
 10678 | D:8      | Found a hide-covered altar of Uskayaw.
 10968 | D:8      | Noticed a two-headed ogre
 11026 | D:8      | Killed a two-headed ogre
 11027 | D:8      | Reached skill level 5 in Spellcasting
 11027 | D:8      | Reached XP level 10. HP: 78/78 MP: 1/17
 11254 | D:8      | Found Miytej's Assorted Antiques.
 11366 | D:8      | Found a glowing silver altar of Zin.
 11422 | D:8      | Found a sacrificial altar of Ru.
 11434 | D:8      | Reached skill level 1 in Throwing
 11854 | D:8      | Noticed a two-headed ogre
 12176 | D:6      | Killed a two-headed ogre
 14553 | D:8      | HP: 3/80 [electric eel/bolt of electricity (10)]
 15806 | D:8      | Found a staircase to the Lair.
 15966 | D:8      | Bought a runed quick blade for 504 gold pieces
 16073 | Lair:1   | Entered Level 1 of the Lair of Beasts
 16360 | D:9      | Reached XP level 11. HP: 46/85 MP: 12/20
 16389 | D:9      | Learned a level 4 spell: Flame Wave
 16393 | D:9      | Learned a level 3 spell: Inner Flame
 16864 | D:9      | Reached *** piety under Beogh
 16956 | D:9      | Found an ornate altar of the Wu Jian Council.
 16988 | D:9      | Identified a scroll of acquirement
 17360 | D:9      | Found a large runed translucent door.
 17360 | D:9      | Found a large runed translucent door.
 17362 | D:9      | Noticed Skryme's ghost (novice OpFi)
 17610 | D:10     | Entered Level 10 of the Dungeon
 17617 | D:10     | Noticed a two-headed ogre
 17831 | D:9      | Killed a two-headed ogre
 18249 | D:10     | Found Nuvihag's Book Shoppe.
 18258 | D:10     | Learned a level 2 spell: Blink
 18392 | D:10     | Acquired the +0 helmet of the Orb Guardian {rPois rC+}
 18812 | D:10     | Noticed a two-headed ogre
 18860 | D:10     | Killed a two-headed ogre
 19195 | D:11     | Noticed Erica
 19200 | D:11     | Noticed a two-headed ogre
 19211 | D:10     | Killed Erica
 19790 | D:10     | HP: 4/85 [two-headed ogre (25)]
 19809 | D:10     | Killed a two-headed ogre
 19810 | D:10     | Reached skill level 10 in Fire Magic
 20307 | D:11     | Found a shadowy altar of Dithmenos.
 20435 | D:11     | Noticed a red ugly thing
 20454 | D:11     | Killed a white ugly thing
 20662 | D:11     | Reached skill level 5 in Fighting
 20662 | D:11     | Reached skill level 5 in Short Blades
 21460 | D:12     | Noticed a boulder beetle
 21753 | D:10     | Learned a level 2 spell: Ensorcelled Hibernation
 22362 | D:11     | Reached XP level 12. HP: 86/94 MP: 9/23
 22522 | D:12     | Noticed a death knight
 22922 | D:11     | Reached skill level 10 in Invocations
 23119 | D:11     | Killed a boulder beetle
 23302 | D:12     | Noticed a boulder beetle
 23897 | D:12     | Killed a boulder beetle
 24102 | D:12     | Noticed Kirke
 24103 | D:12     | Noticed Nergalle
 24128 | D:11     | Killed Kirke
 24346 | D:12     | Killed Nergalle
 24855 | D:12     | Found a staircase to the Orcish Mines.
 25028 | D:12     | Killed a death knight
 25251 | D:12     | Noticed Maurice
 25260 | D:12     | Killed Maurice
 25440 | D:12     | Identified the +1 mace of Karma {freeze, *Rage rElec rF++
                  | SInv}
 25601 | D:13     | Learned a level 3 spell: Confusing Touch
 25706 | D:13     | Reached skill level 5 in Armour
 26021 | D:13     | Upgraded the game from 0.29-a0-111-gbaf749a769 to
                  | 0.29-a0-113-g078de9bc30
 26041 | D:13     | Learned a level 1 spell: Slow
 26063 | D:13     | Noticed a four-headed hydra
 26068 | D:13     | Killed a four-headed hydra
 26268 | D:13     | Noticed a boulder beetle
 26289 | D:13     | Killed a boulder beetle
 26919 | D:15     | Entered Level 15 of the Dungeon
 26927 | D:14     | Noticed a centaur warrior
 27075 | D:14     | Killed a centaur warrior
 27091 | D:14     | Noticed a soul eater
 27424 | D:13     | Slain by an orc knight

Illustrated notes

Levels and vault maps discovered:
D:1:      dpeg_arrival_another_circle, layout_basic,
          wander_ebering_terrifying_dragon_lair
D:2:      layout_loops_ring, basic_altar, nicolae_ecumenical_oubliette,
          uniq_robin, uniq_natasha
D:3:      layout_loops_ring
D:4:      layout_loops_ring, minmay_temple_entry_tees, serial_shops, shop,
          nrook_campfire
D:5:      layout_cave_pools, nicolae_overflow_crystal_walls,
          trog_butcher_becter, nicolae_vehumet_radiance, serial_bayou_pond_c,
          grunt_decor_clamped, uniq_menkaure, uniq_eustachio
D:6:      layout_basic, nemelex_spade_bored_becter, kennysheep_boxes
D:7:      layout_basic, mainiacjoe_overflow_brackets, overflow_temple_1_default,
          enter_bailey_4, lemuel_flamethrower_2
D:8:      layout_rooms, mainiacjoe_overflow_catch_the_wave,
          mainiacjoe_overflow_alcove_4, erik_lair_dragon, serial_shops,
          nicolae_shop_overgrown_old_shop, serial_bayou_lake_a
D:9:      layout_loops_ring, mainiacjoe_overflow_small_starburst,
          ebering_ghost_disaster_area
D:10:     layout_cave_pods, serial_shops, nicolae_shop_statue_plus
D:11:     layout_cave_pods, nicolae_dithmenos_through_a_glass_darkly, uniq_erica
D:12:     layout_basic, erik_orc_4, uniq_maurice, uniq_nergalle, uniq_kirke
D:13:     layout_cave_pools, minivault_20
D:14:     layout_cave_pods, david_vaults_2, uniq_louise
D:15:     hangedman_depths_entry_civil_slaughter, layout_loops_ring,
          ashenzari_altar_1
Lair:1:   layout_loops_ring, chequers_serial_rivers_room_a

Skill      XL: |  1  2  3  4  5  6  7  8  9 10 11 12 |
---------------+-------------------------------------+-----
Fire Magic     | 4 5 6 7 9 10 11 | 11.6
Spellcasting   | 2 3 5 6 7 8 |  8.9
Stealth        | 2 3 |  3.9
Fighting       | 1 2 3 4 5 |  5.6
Armour         | 1 2 3 4 5 |  5.0
Dodging        | 2 3 4 |  4.7
Short Blades   | 1 2 3 4 5 |  5.6
Invocations    | 2 4 6 8 9 11 | 11.3
Conjurations   | 2 3 |  3.5
Throwing       | 1 |  1.3
Hexes          | |  0.9
Translocations | |  0.2
Ice Magic      | |  0.2

Action                   |  1- 3 |  4- 6 |  7- 9 | 10-12 || total
-------------------------+-------+-------+-------+-------++-------
Melee: Dagger            |    69 |   140 |   201 |    69 ||   479
       Unarmed           |     1 |       |       |       ||     1
       Punch             |       |       |     4 |     4 ||     8
       Quick blade       |       |       |       |   358 ||   358
Throw: Boomerang         |       |       |     9 |     8 ||    17
 Cast: Foxfire           |    11 |    28 |    45 |    75 ||   159
       Scorch            |     5 |    12 |    71 |   181 ||   269
       Conjure Flame     |       |       |     3 |    13 ||    16
       Ensorcelled Hiber |       |       |       |    12 ||    12
       Flame Wave        |       |       |       |     6 ||     6
       Blink             |       |       |       |     3 ||     3
       Inner Flame       |       |       |       |     2 ||     2
       Confusing Touch   |       |       |       |     4 ||     4
Invok: Convert to Beogh  |       |     1 |       |       ||     1
       Smiting           |       |       |       |    12 ||    12
Evoke: Wand              |       |       |     5 |     4 ||     9
  Use: Scroll            |       |    11 |     7 |     9 ||    27
       Potion            |       |     1 |     1 |     4 ||     6
 Stab: Sleeping          |     1 |     1 |     2 |     3 ||     7
       Distracted        |       |       |       |     1 ||     1
       Confused          |       |       |       |     3 ||     3
Armor: Robe              |     8 |       |       |       ||     8
       Leather armour    |     4 |    31 |   130 |   186 ||   351
Dodge: Dodged            |    42 |   107 |   200 |   360 ||   709

Table legend: (Time is in decaauts)
 A = Elapsed time spent in this place.
 B = Non-inter-level travel time spent in this place.
 C = Inter-level travel time spent in this place.
 D = Time resting spent in this place.
 E = Time spent auto-exploring this place.
 F = Levels seen in this place.
 G = Mean time per level.
                   A        B        C        D        E       F      G
               +--------+--------+--------+--------+--------+-----+--------+
         Total |  27317 |  26670 |    647 |   9257 |  11662 |  16 | 1707.3 |
       Dungeon |  27315 |  26669 |    646 |   9257 |  11662 |  15 | 1821.0 |
          Lair |      1 |      1 |      0 |      0 |      0 |   1 |    1.0 |
               +--------+--------+--------+--------+--------+-----+--------+

Top non-repeatable levels by time:
     D:8: 4334 daAuts
    D:11: 3034 daAuts
     D:6: 2448 daAuts
     D:1: 2430 daAuts
    D:10: 2389 daAuts
     D:9: 2254 daAuts
     D:4: 1985 daAuts
     D:7: 1787 daAuts
    D:13: 1749 daAuts
    D:12: 1670 daAuts
     D:5: 1263 daAuts
     D:2: 1175 daAuts
     D:3: 737 daAuts
    D:14: 52 daAuts
  Lair:1: 1 daAuts
